 Dungeon Crawl Stone Soup version 0.20-a0-1116-gaa52201 (webtiles) character file.

49 grindst0ne the Twirler (level 3, 0/29 HPs)
             Began as a Demonspawn Gladiator on May 7, 2017.
             Slain by a goblin
             ... wielding a +0 club
             ... led by Robin
              (5 damage)
             ... on level 1 of the Dungeon.
             The game lasted 00:02:35 (1129 turns).

grindst0ne the Twirler (Demonspawn Gladiator)       Turns: 1129, Time: 00:02:35

Health: 0/29       AC:  4    Str: 15    XL:     3   Next: 53%
Magic:  3/3        EV: 12    Int:  9    God:
Gold:   53         SH:  0    Dex: 14    Spells: 2/2 levels left

rFire    . . .     SeeInvis .   a - +0 quarterstaff
rCold    . . .     Gourm    .   (shield currently unavailable)
rNeg     . . .     Faith    .   b - +0 leather armour
rPois    .         Spirit   .   c - +0 helmet
rElec    .         Reflect  .   (no cloak)
rCorr    .         Harm     .   (no gloves)
MR       .....                  (no boots)
Stlth    +.........             (no amulet)
Regen    0.1/turn               (no ring)
MPRegen  0.1/turn               (no ring)

@: no status effects
A: claws 1, hooves 1
a: no special abilities


You were on level 1 of the Dungeon.
You were not hungry.

You visited 1 branch of the dungeon, and saw 2 of its levels.

You collected 53 gold pieces.

Inventory:

Hand Weapons
 a - a +0 quarterstaff (weapon)
Missiles
 d - 3 throwing nets (quivered)
Armour
 b - a +0 leather armour (worn)
 c - a +0 helmet (worn)
 i - a +0 ring mail
Jewellery
 k - an uncursed ring of stealth {unknown}
Scrolls
 h - a scroll of teleportation {unknown}
 j - a scroll of remove curse {unknown}
Potions
 e - a potion of haste {unknown}
Comestibles
 f - a bread ration


   Skills:
 + Level 3.2 Fighting
 + Level 3.3 Staves
 - Level 1.7 Throwing
 - Level 2.7 Dodging


You had 2 spell levels left.
You didn't know any spells.

Dungeon Overview and Level Annotations

Branches:
Dungeon (2/15)

Altars:


Innate Abilities, Weirdness & Mutations

You have sharp fingernails.
You have large cloven feet.


Message History

You kill the goblin!
The goblin hits you. The goblin barely misses you.
The goblin hits you with a club.
You closely miss the goblin. The goblin barely misses you.
The goblin hits you but does no damage.
(D) Dungeon
Where to? (Enter - D:2, ? - help)
There are monsters nearby!
The goblin closely misses you.
You climb upwards.
There is a stone staircase leading down here.
You closely miss the goblin. You kick the goblin, but do no damage.
The goblin hits you with a club.
* * * LOW HITPOINT WARNING * * *
The goblin barely misses you.
You closely miss the goblin. Your kick misses the goblin.
The goblin barely misses you. The goblin hits you.
* * * LOW HITPOINT WARNING * * *
You barely miss the goblin. The goblin hits you with a club.
You die...

#.#.##..#......#.####.#...# #.##
..........).#..#.# #.#...####.##
#.#.......#.#..#.# #............
#.##......#.#..#.# ###.#.####...
.................# #..........
######.#####..#..######.#.####...
..............#......####.# #...
######.#####..#.)g...#..#.# #...
.# #.# #..#.@g...#..#.# #...
.#####.#####..##.....#..#.# #...
.......[).....##.....#..#.# #...
.#####..................#.# #...
.# #......#.########.##.# #... .#
########.# #.....# #... .# #.#
####### #### .# #.# .# #.#


You could see 2 goblins.

Vanquished Creatures
  Robin (D:2)
  A dart slug (D:1)
  3 bats (D:1)
  A giant cockroach (D:1)
  4 goblins
  6 hobgoblins
  7 jackals (D:1)
  4 kobolds (D:1)
  2 frilled lizards (D:1)
  3 rats (D:1)
32 creatures vanquished.

Notes
Turn   | Place    | Note
-------+----------+-------------------------------------------
     0 | D:1      | grindst0ne the Demonspawn Gladiator began the quest for the Orb.
     0 | D:1      | Reached XP level 1. HP: 16/16 MP: 1/1
   262 | D:1      | Gained mutation: You have large cloven feet. [demonic ancestry]
   262 | D:1      | Reached XP level 2. HP: 19/23 MP: 2/2
   810 | D:1      | Gained mutation: You have sharp fingernails. [demonic ancestry]
   810 | D:1      | Reached XP level 3. HP: 25/28 MP: 3/3
  1086 | D:2      | Noticed Robin
  1112 | D:2      | Killed Robin
  1129 | D:1      | Slain by a goblin

Vault maps used:
D:1:      minmay_arrival_checkered_box
D:2:      lemuel_round_altar, marbit_many_paths, first_bread,
          chequers_ecumenical_altar_grove, uniq_natasha,
          uniq_crazy_yiuf_cottage, uniq_terence, uniq_robin

Skill      XL: |  1  2  3 |
---------------+----------+-----
Staves         | 3 |  3.3
Fighting       | 3 |  3.2
Throwing       | |  1.7
Dodging        | |  2.7

Action                   || total
-------------------------++-------
Melee: Quarterstaff      ||   108
       Kick              ||    25
  Eat: Chunk             ||     1
Armor: Leather armour    ||    32
Dodge: Dodged            ||    88
